 Dungeon Crawl Stone Soup version 0.29.1-15-g9cfb28693d (webtiles) character file.

Game seed: 5117312446536575314

20 Heoruswealwe the Digger (level 2, 15/15 HPs)
             Began as a Deep Elf Earth Elementalist on Apr 10, 2023.
             Was a Follower of Jiyva.
             Got out of the dungeon alive.
             The game lasted 00:02:51 (438 turns).

Heoruswealwe the Digger (DEEE)                       Turns: 438, Time: 00:02:52

Health: 15/15      AC:  2    Str:  5    XL:     2   Next: 58%
Magic:  8/8        EV: 12    Int: 19    God:    Jiyva [*.....]
Gold:   29         SH:  0    Dex: 15    Spells: 5/8 levels left

rFire   . . .      SeeInvis .   (no weapon)
rCold   . . .      Faith    .   (no shield)
rNeg    . . .      Spirit   .   a - +0 robe
rPois   .          Reflect  .   (no helmet)
rElec   .          Harm     .   (no cloak)
rCorr   .          Rampage  .   (no gloves)
Will    .....                   (no boots)
Stlth   ++........              (no amulet)
HPRegen 0.85/turn               (no ring)
MPRegen 0.36/turn               (no ring)

@: no status effects
A: no striking features
a: Renounce Religion


You escaped.
You worshipped Jiyva.
Jiyva was aware of your devotion.
You visited 1 branch of the dungeon, and saw 1 of its levels.

You collected 29 gold pieces.

Inventory:

Armour
 a - a +0 robe (worn)
 d - a +0 robe
Jewellery
 f - a +4 ring of slaying
Potions
 b - a potion of magic
 i - a potion of invisibility


   Skills:
 - Level 2.4 Dodging
 - Level 2.4 Stealth
 + Level 3.8 Spellcasting
 - Level 1.1 Transmutations
 + Level 3.9 Earth Magic


You had 5 spell levels left.
You knew the following spells:

 Your Spells              Type           Power      Damage    Failure   Level
a - Sandblast             Erth           36%        2d10      2%          1
z - Passwall              Tmut/Erth      10%        N/A       8%          2

Your spell library contained the following spells:

 Spells                   Type           Power      Damage    Failure   Level
 Stone Arrow              Conj/Erth      22%        3d8       19%         3
 Petrify                  Tmut/Erth      13%        N/A       45%         4


Dungeon Overview and Level Annotations

Branches:
Dungeon (1/15)

Altars:
Jiyva


Message History

You see here a +0 chain mail.
A giant cockroach comes into view.
You see here a lumpy orange potion.
Found 9 gold pieces.
The blast of sand misses the giant cockroach.
The giant cockroach barely misses you.
You miscast Sandblast.
You are very lightly contaminated with residual magic.
Nothing appears to happen.
The giant cockroach bites you. The giant cockroach closely misses you.
The blast of sand hits the giant cockroach!
You kill the giant cockroach!
i - a lumpy orange potion Your magical contamination has completely faded away.
You open the door.
Found a faded altar of an unknown god.
There is an open door here.
There is a faded altar of an unknown god here.
You cannot tell which god this altar belongs to.
Convert to them anyway?
Jiyva accepts your prayer! Jiyva welcomes you!
Jiyva begins accelerating your health and magic regeneration.
As you read the scroll labelled OJUHEVV QOGER, it crumbles to dust.
Your body is wracked with pain!
It was a scroll of torment.
As you read the scroll labelled WOHU WEHYW, it crumbles to dust.
The air around you briefly surges with heat, but it dissipates.
It was a scroll of immolation.
As you read the scroll labelled DIEFOTT BYEQYV, it crumbles to dust.
Magic quickly surges around you.
It was a scroll of vulnerability.
As you read the scroll labelled CEIKORCHUUW, it crumbles to dust.
It is a scroll of identify.
i - a potion of invisibility
There is an open door here.
HP restored.
You see here a +0 chain mail.
You feel your willpower return.
There is an open door here.
There is a staircase leading out of the dungeon here.
Are you sure you want to leave the Dungeon?
This will make you lose the game!
You have escaped!

.........#######.## #.....
######...# #.# ##.#.# #.###
#.#######.... #.#
#.##......... #.#
#.##.####.).. #.# ##### #.##.#
##>#.# #.# #...# #.##.# #..#.#
#.###~~~###.##.# #.##..
.#######..'..@..'..##.# #.###.
.........###♣.♣##..##.###.###.
.######### #'# #####.##^..##.
#.# #.........
#.##########(..##.
#.............###.
#.############# #. #.# #.
##### #.# #.


There were no monsters in sight!

Vanquished Creatures
  A gnoll (D:1)
  A giant cockroach (D:1)
  A hobgoblin (D:1)
  A quokka (D:1)
  A ball python (D:1)
  A bat (D:1)
  2 frilled lizards (D:1)
  2 kobolds (D:1)
  2 rats (D:1)
12 creatures vanquished.

Vanquished Creatures (others)
  6 plants (D:1)
6 creatures vanquished.

Grand Total: 18 creatures vanquished

Notes
Turn   | Place    | Note
-------+----------+-------------------------------------------
     0 | D:1      | Heoruswealwe the Deep Elf Earth Elementalist began the
                  | quest for the Orb.
     0 | D:1      | Reached XP level 1. HP: 10/10 MP: 6/6
   194 | D:1      | Reached XP level 2. HP: 4/15 MP: 2/8
   197 | D:1      | Learned a level 2 spell: Passwall
   382 | D:1      | Found a faded altar of an unknown god.
   386 | D:1      | Prayed at the altar of an unknown god.
   386 | D:1      | Became a worshipper of Jiyva Jiumaj the Shapeless
   386 | D:1      | Reached * piety under Jiyva
   438 | D:$      | Got out of the dungeon alive.

Illustrated notes

Levels and vault maps discovered:
D:1:      tarquinn_simple_flora_water_e, layout_loops_ring,
          nicolae_ecumenical_lake_church, serial_bayou_pond_d

Action                   || total
-------------------------++-------
Melee: Unarmed           ||    33
 Cast: Sandblast         ||    17
  Use: Scroll            ||     4
Dodge: Dodged            ||     9
